 Dungeon Crawl Stone Soup version 0.22.1-1-ga44c0e5 (webtiles) character file.

903 harcile the Slasher (level 8, 0/69 HPs)
             Began as a Hill Orc Fighter on Oct 31, 2018.
             Slain by a jelly (2 damage)
             ... on level 5 of the Dungeon.
             The game lasted 00:13:18 (3656 turns).

harcile the Slasher (Hill Orc Fighter)              Turns: 3656, Time: 00:13:19

Health: 0/69       AC: -6    Str: 21    XL:     8   Next: 7%
Magic:  8/8        EV:  4    Int:  8    God:
Gold:   342        SH: 10    Dex: 10    Spells: 7/7 levels left

rFire    . . .     SeeInvis .   a - +0 long sword
rCold    + . .     Gourm    .   c - +0 shield
rNeg     . . .     Faith    .   u - +0 plate armour "Teassapt" {rPois MR+}
rPois    +         Spirit   .   b - +0 helmet
rElec    .         Reflect  .   y - +2 cloak {+Inv}
rCorr    .         Harm     .   (no gloves)
MR       +....                  (no boots)
Stlth    ..........             v - amulet of regeneration
HPRegen  0.61/turn              w - ring of poison resistance
MPRegen  0.11/turn              r - ring of protection from cold

@: corroded, hasted, very quick
A: no striking features
a: Evoke Invisibility


You were on level 5 of the Dungeon.
You were not hungry.

You visited 1 branch of the dungeon, and saw 5 of its levels.
You also visited: Sewer.

You collected 342 gold pieces.

Inventory:

Hand Weapons
 a - a +0 long sword (weapon)
 p - a +0 long sword
 z - a +4 quarterstaff of chaos
Armour
 b - a +0 helmet (worn)
 c - a +0 shield (worn)
 u - the +0 plate armour "Teassapt" (worn) {rPois MR+}
   (You found it on level 5 of the Dungeon)

   It protects you from poison.
   It affects your resistance to hostile enchantments.
 y - a +2 cloak of invisibility (worn)
 A - a +1 cloak
Jewellery
 m - an uncursed ring of wizardry
 r - a ring of protection from cold (right hand)
 v - an amulet of regeneration (around neck)
 w - a ring of poison resistance (left hand)
Wands
 q - a wand of polymorph (12)
Scrolls
 e - 5 scrolls of teleportation
 g - a scroll of immolation {unknown}
 i - 5 scrolls of identify {unknown}
 j - 3 scrolls of fog {unknown}
 o - 3 scrolls of remove curse {unknown}
 s - a scroll of amnesia {unknown}
 t - a scroll of enchant weapon {unknown}
Potions
 d - a potion of might
 h - a potion of degeneration {unknown}
 k - a potion of haste
 l - 2 potions of agility {unknown}
 x - a potion of invisibility {unknown}
 B - a potion of magic {unknown}
Comestibles
 f - 10 rations
 n - 2 chunks of flesh


   Skills:
 + Level 5.5 Fighting
 + Level 6.6 Long Blades
 + Level 5.5 Armour
 - Level 0.1 Dodging
 + Level 5.5 Shields


You had 7 spell levels left.
You didn't know any spells.
Your spell library was empty.

Dungeon Overview and Level Annotations

Branches:
Dungeon (5/15)             Temple (0/1) D:5

Altars:
Gozag
Makhleb
Sif Muna
Xom
Yredelemnul


Message History

The jelly hits you. The acid corrodes you!
You are splashed with acid!
The acid burns!
You hit the jelly but do no damage.
Your hands burn!
* * * LOW HITPOINT WARNING * * *
The jelly is heavily wounded.
You block the jelly's attack.
You hit the jelly but do no damage.
Your hands burn!
* * * LOW HITPOINT WARNING * * *
The jelly is heavily wounded.
You block the jelly's attack.
Some of the chunks of flesh in your inventory have rotted away.
You hit the jelly. The acid corrodes you!
Your hands burn!
* * * LOW HITPOINT WARNING * * *
The jelly is severely wounded.
The jelly hits you.
* * * LOW HITPOINT WARNING * * *
You are splashed with acid!
The acid burns!
* * * LOW HITPOINT WARNING * * *
It was a potion of haste.
You feel yourself speed up. The jelly hits you.
You die...

......#..........#####........#
.###########.....# #...######.#
..≈≈≈≈≈≈≈≈≈......# #...######.#
..≈≈≈≈.≈≈≈≈......# #..........#
#.≈≈≈≈≈≈≈≈≈......#
#....#.#.#.###
############.....#
#....#.#.#.... *,.............#
#...........## *,.............#
#........#....
*,............@####.#...#.#....
*,........#>...J........#.#..##
*,........#######.###..........
*,........#**,,,,[..###*##..##.
*,.....####,,,,,,...# #..#*.
*,.....* *****,*Z###* *,.#*,
***###** *,*J.,,* *,,,,,
***,,..*** **,,,, *,,,,..*
****,,,,


You could see a jelly.

Vanquished Creatures
  A black bear (D:3)
  A phantom (D:3)
  A centaur (D:5)
  2 bullfrogs (Sewer)
  A scorpion (D:5)
  A hound (D:4)
  An orc priest (D:3)
  Crazy Yiuf (D:3)
  Terence (D:3)
  4 worker ants
  7 adders
  12 oozes
  2 worms
  4 dart slugs
  19 leopard geckos
  2 orcs
  16 ball pythons
  5 bats
  12 giant cockroaches
  4 goblins
  3 hobgoblins
  7 jackals
  2 kobolds (D:2)
  A ball python skeleton (D:4)
  18 frilled lizards
  A leopard gecko skeleton (D:5)
  5 rats
134 creatures vanquished.

Notes
Turn   | Place    | Note
-------+----------+-------------------------------------------
     0 | D:1      | harcile the Hill Orc Fighter began the quest for the Orb.
     0 | D:1      | Reached XP level 1. HP: 19/19 MP: 1/1
    72 | D:1      | Reached XP level 2. HP: 15/27 MP: 2/2
   628 | D:1      | Reached XP level 3. HP: 33/33 MP: 3/3
  1023 | D:2      | Reached skill level 3 in Long Blades
  1052 | D:2      | Reached XP level 4. HP: 40/40 MP: 4/4
  1317 | D:3      | Noticed a black bear
  1335 | D:3      | Killed a black bear
  1335 | D:3      | Reached skill level 4 in Long Blades
  1335 | D:3      | Reached XP level 5. HP: 27/47 MP: 5/5
  1355 | D:3      | Found a shimmering altar of Xom.
  1434 | D:3      | Noticed a phantom
  1456 | D:3      | Killed a phantom
  1456 | D:3      | Reached XP level 6. HP: 18/53 MP: 6/6
  1575 | D:3      | Noticed Terence
  1601 | D:3      | Killed Terence
  1870 | D:3      | Found a runed door.
  1874 | D:3      | Noticed Crazy Yiuf
  1881 | D:3      | Killed Crazy Yiuf
  2005 | D:4      | Found an opulent altar of Gozag.
  2015 | D:3      | Reached skill level 5 in Long Blades
  2468 | D:4      | Found a burning altar of Makhleb.
  2471 | D:4      | Found a shimmering altar of Xom.
  2474 | D:4      | Found a basalt altar of Yredelemnul.
  2479 | D:4      | Found a deep blue altar of Sif Muna.
  2649 | D:4      | Reached XP level 7. HP: 60/60 MP: 7/7
  2847 | D:5      | Entered Level 5 of the Dungeon
  2887 | D:5      | Reached skill level 5 in Fighting
  2887 | D:5      | Reached skill level 5 in Armour
  2906 | D:5      | Found a glowing drain.
  2943 | Sewer    | Entered a sewer
  3076 | Sewer    | Reached skill level 5 in Shields
  3174 | Sewer    | Reached skill level 6 in Long Blades
  3418 | D:5      | Reached XP level 8. HP: 52/69 MP: 8/8
  3445 | D:5      | Got a transparent plate armour
  3467 | D:5      | Identified the +0 plate armour "Teassapt" {rPois MR+} (You
                  | found it on level 5 of the Dungeon)
  3655 | D:5      | HP: 1/69 [acid (10)]
  3656 | D:5      | Slain by a jelly

Skill      XL: |  1  2  3  4  5  6  7 |
---------------+----------------------+-----
Fighting       | 4 5 |  5.5
Long Blades    | 3 4 5 6 |  6.6
Armour         | 4 5 |  5.5
Shields        | 4 5 |  5.5
Dodging        | |  0.1

Action                   |  1- 3 |  4- 6 |  7- 9 || total
-------------------------+-------+-------+-------++-------
Melee: Long sword        |    99 |   147 |   241 ||   487
  Use: Scroll            |       |       |     5 ||     5
       Potion            |       |       |     1 ||     1
  Eat: Chunk             |     1 |     5 |     4 ||    10
Armor: Scale mail        |    39 |    65 |   106 ||   210
       Plate armour      |       |       |    10 ||    10
Dodge: Dodged            |    31 |    45 |    84 ||   160
Block: Shield            |    63 |    68 |   155 ||   286
       Rpst.: Long sword |    11 |    17 |    31 ||    59
